 Dungeon Crawl Stone Soup version 0.30.1-3-gfc49f6343a (webtiles) character file.

Game seed: 12870416624897455052

121 shmup the Firebug (level 5, -5/27 (28) HPs)
             Began as a Tengu Fire Elementalist on July 26, 2023.
             Slain by a crimson imp
             ... wielding a +2 dagger of chaos
              (8 damage)
             ... on level 3 of the Dungeon.
             The game lasted 00:05:20 (2770 turns).

shmup the Firebug (Tengu Fire Elementalist)         Turns: 2770, Time: 00:05:21

HP:   -5/27 (28)    AC:  2    Str:  9    XL:     5   Next: 5%
MP:   2/9           EV: 14    Int: 17    God:
Gold: 187           SH:  0    Dex: 14    Spells: 5/8 levels left

rFire   + . .        a - +0 dagger
rCold   . . .        (no shield)
rNeg    . . .        p - +0 robe of Light {rF+ rCorr SInv Stlth-}
rPois   .            (helmet restricted)
rElec   .            (no cloak)
rCorr   +            (no gloves)
SInv    +            (boots unavailable)
Will    ++...        (no amulet)
Stlth   +            e - ring of willpower
HPRegen 0.24/turn    m - ring of willpower
MPRegen 0.11/turn

%: no passive effects
@: flying quickly and evasively, lightly drained, quick
A: beak, talons 3, nimble flight
a: no special abilities


You were on level 3 of the Dungeon.
You visited 1 branch of the dungeon, and saw 3 of its levels.

You collected 187 gold pieces.

Inventory:

Hand Weapons
 a - a +0 dagger (weapon)
 b - a +0 sling of freezing
Missiles
 c - 31 stones (quivered)
 k - 6 boomerangs
Armour
 d - a +0 robe
 p - the +0 robe of Light (worn) {rF+ rCorr SInv Stlth-}
   (You found it on level 2 of the Dungeon)

   rF:        It protects you from fire.
   SInv:      It lets you see invisible.
   rCorr:     It protects you from acid and corrosion.
   Stlth:     It makes you less stealthy.
Jewellery
 e - a ring of willpower (left hand)
 m - a ring of willpower (right hand)
 s - a ring of see invisible
Wands
 r - a wand of roots (9)
Scrolls
 j - a scroll of vulnerability {unknown}
 l - 2 scrolls of teleportation {unknown}
 n - 2 scrolls of noise {unknown}
 o - a scroll of silence {unknown}
Potions
 f - a potion of brilliance
 g - a potion of might {unknown}
 h - 2 potions of resistance
 i - 4 potions of curing
 q - a potion of flight {unknown}
 t - a potion of magic


   Skills:
 - Level 2.1 Dodging
 - Level 2.0 Stealth
 - Level 2.0 Spellcasting
 + Level 3.6 Conjurations
 * Level 5.3 Fire Magic


You had 5 spell levels left.
You knew the following spells:

 Your Spells              Type           Power      Damage    Failure   Level
a - Foxfire               Conj/Fire      68%        2x1d7     3%          1
b - Scorch                Fire           40%        2d7       3%          2

Your spell library contained the following spells:

 Spells                   Type           Power      Damage    Failure   Level
 Summon Small Mammal      Summ           4%         N/A       19%         1
 Inner Flame              Hex/Fire       10%        N/A       19%         3
 Volatile Blastmotes      Fire/Tloc      20%        2d11      19%         3
 Flame Wave               Conj/Fire      17%        2d7       30%         4
 Call Canine Familiar     Summ           1%         N/A       50%         3
 Summon Guardian Golem    Hex/Summ       1%         N/A       50%         3


Dungeon Overview and Level Annotations

Branches:
Dungeon (3/15)

Altars:
Makhleb
Xom


Innate Abilities, Weirdness & Mutations

You have a beak for a mouth.
You have claws for feet.
Your magical nature lets you fly swiftly and evasively.


Message History

The crimson imp blinks!
Casting: Scorch (safe; 3% risk of failure)
Confirm with . or Enter, or press ? or * to list all spells.
You conjure some foxfire!
Unknown command.
The foxfire hits the crimson imp.
The crimson imp completely resists.
The foxfire hits the crimson imp.
The crimson imp completely resists.
You barely miss the crimson imp.
You claw the crimson imp, but do no damage.
The crimson imp misses you.
You hit the crimson imp but do no damage.
Your kick misses the crimson imp.
The crimson imp blinks!
You hit the crimson imp.
The crimson imp is moderately wounded.
The crimson imp hits you with a +2 dagger of chaos.
You closely miss the crimson imp.
The crimson imp is lightly wounded.
The crimson imp hits you with a +2 dagger of chaos.
* * * LOW HITPOINT WARNING * * *
You feel drained.
* * * LOW HITPOINT WARNING * * *
Unknown command.
Unknown command.
The crimson imp spits at you.
Casting: Foxfire (safe; 3% risk of failure)
Confirm with . or Enter, or press ? or * to list all spells.
You conjure some foxfire!
The foxfire hits the crimson imp.
The crimson imp completely resists.
The foxfire hits the crimson imp.
The crimson imp completely resists.
The crimson imp completely misses you.
The crimson imp blinks!
The crimson imp hits you with a +2 dagger of chaos.
You see here a +0 hand axe.
The crimson imp hits you with a +2 dagger of chaos.
* * * LOW HITPOINT WARNING * * *
You are electrocuted!
* * * LOW HITPOINT WARNING * * *
Unknown command.
The crimson imp hits you with a +2 dagger of chaos!
You die...

.................▒▒▒▒▒..........<
........▒▒▒▒▒▒.<.................
..........▒ ▒.▒..▒..............
...▒▒▒▒...▒▒▒▒.▒▒.............▒▒.
.........................▒▒...▒▒.
▒▒.▒▒▒▒▒▒...)▒▒..................
.....▒▒▒▒▒.........).......▒>..▒.
▒.............[............▒..▒▒.
▒▒▒.▒▒▒▒..▒▒..▒▒Q............▒▒▒▒
▒...........)5...........▒.▒
▒▒▒▒.....)...............▒.▒
▒▒▒▒..)...................▒▒.▒
▒............................▒
.............................▒
...▒▒........................▒
...▒......▒▒▒▒▒..............▒▒
).........▒.#_▒▒.........)....▒▒▒


You could see a crimson imp.

Vanquished Creatures
  Ijyb (D:3)
  3 adders
  A worm (D:2)
  4 dart slugs
  2 orcs (D:3)
  3 bats
  4 endoplasms
  2 giant cockroaches
  7 goblins
  3 hobgoblins
  2 jackals (D:2)
  3 quokkas
  3 ball pythons
  4 frilled lizards
  6 kobolds
  5 rats
53 creatures vanquished.

Vanquished Creatures (others)
  117 foxfires
117 creatures vanquished.

Grand Total: 170 creatures vanquished

Notes
Turn   | Place    | Note
-------+----------+-------------------------------------------
     0 | D:1      | shmup the Tengu Fire Elementalist began the quest for the
                  | Orb.
     0 | D:1      | Reached XP level 1. HP: 10/10 MP: 4/4
   205 | D:1      | Reached XP level 2. HP: 15/15 MP: 3/6
   557 | D:1      | Reached skill level 4 in Fire Magic
   647 | D:1      | Learned a level 2 spell: Scorch
  1056 | D:2      | Reached XP level 3. HP: 17/19 MP: 3/7
  1514 | D:2      | Identified the +0 robe of Light {rF+ rCorr SInv Stlth-}
  1763 | D:2      | Reached XP level 4. HP: 24/24 MP: 5/8
  2195 | D:3      | Noticed Ijyb
  2206 | D:3      | Killed Ijyb
  2207 | D:3      | Reached skill level 5 in Fire Magic
  2510 | D:3      | Gained mutation: Your magical nature lets you fly swiftly
                  | and evasively. [Tengu growth]
  2510 | D:3      | Reached XP level 5. HP: 28/28 MP: 9/9
  2724 | D:3      | Found a shimmering altar of Xom.
  2724 | D:3      | Found a burning altar of Makhleb.
  2770 | D:3      | Slain by a crimson imp

Illustrated notes

Levels and vault maps discovered:
D:1:      tarquinn_simple_flora_water_e, layout_loops_ring
D:2:      layout_loops_corners
D:3:      layout_rooms, grunt_temple_overflow_champion_of_chaos,
          grunt_ministairs_13, uniq_ijyb

Skill      XL: |  1  2  3  4 |
---------------+-------------+-----
Conjurations   | 2 3 |  3.6
Fire Magic     | 4 5 |  5.3
Dodging        | |  2.1
Stealth        | |  2.0
Spellcasting   | |  2.0

Action                     |  1- 3 |  4- 6 || total
---------------------------+-------+-------++-------
  Melee: Dagger            |     5 |     7 ||    12
         Peck              |     2 |     1 ||     3
         Kick              |       |     3 ||     3
   Fire: Sling             |       |     1 ||     1
   Cast: Foxfire           |    45 |    24 ||    69
         Scorch            |     6 |    11 ||    17
    Use: Scroll            |       |     3 ||     3
 Armour: Robe              |     1 |     2 ||     3
  Dodge: Dodged            |    21 |    14 ||    35
